 Dungeon Crawl Stone Soup version 0.27-a0-808-g60bc5d92e6 (webtiles) character file.

Game seed: 6376179202345513412

208 rageheart7 the Skirmisher (level 5, -1/46 HPs)
             Began as a Demonspawn Wanderer on Mar 28, 2021.
             Was an Initiate of Cheibriados.
             Slain by a wyvern (2 damage)
             ... on level 4 of the Dungeon.
             The game lasted 00:04:00 (3350 turns).

rageheart7 the Skirmisher (Demonspawn Wanderer)     Turns: 3350, Time: 00:04:00

Health: -1/46      AC: 10    Str: 14    XL:     5   Next: 55%
Magic:  5/5        EV: 10    Int: 15    God:    Cheibriados [......]
Gold:   131        SH:  0    Dex: 13    Spells: 4/4 levels left

rFire    . . .     SeeInvis .   a - +2 hand axe
rCold    . . .     Faith    .   (no shield)
rNeg     . . .     Spirit   .   l - +0 ring mail
rPois    .         Reflect  .   (helmet restricted)
rElec    .         Harm     .   (no cloak)
rCorr    .         Rampage  .   k - +0 pair of gloves
Will     .....                  (no boots)
Stlth    +.........             (no amulet)
HPRegen  0.15/turn              j - +4 ring of protection
MPRegen  0.09/turn              (no ring)

@: mighty, flying, very slow
A: antennae 2, ignite blood 1
a: Renounce Religion, Bend Time


You were on level 4 of the Dungeon.
You worshipped Cheibriados.
Cheibriados was noncommittal.
You visited 1 branch of the dungeon, and saw 4 of its levels.

You collected 131 gold pieces.

Inventory:

Hand Weapons
 a - a +2 hand axe (weapon)
Armour
 d - a +0 robe of positive energy
 k - a +0 pair of gloves (worn)
 l - a +0 ring mail (worn)
Jewellery
 j - a +4 ring of protection (left hand)
Scrolls
 c - 3 scrolls of teleportation
 e - a scroll of fog {unknown}
 g - 2 scrolls of magic mapping {unknown}
 h - a scroll of summoning {unknown}
 i - 2 scrolls of identify {unknown}
 q - a scroll of enchant weapon {unknown}
 r - a scroll of noise {unknown}
 s - a scroll of fear {unknown}
 t - a scroll of amnesia {unknown}
Potions
 n - a potion of lignification {unknown}
 p - a potion of mutation {unknown}


   Skills:
 * Level 5.8 Fighting
 - Level 1.0 Short Blades
 * Level 2.0 Axes
 - Level 1.7 Armour
 - Level 1.0 Dodging
 - Level 1.7 Stealth


You had 4 spell levels left.
You didn't know any spells.
Your spell library was empty.

Dungeon Overview and Level Annotations

Branches:
Dungeon (4/15)
 Temple: D:4-7

Altars:
Cheibriados
Nemelex Xobeh
Qazlal
Sif Muna

Annotations:
D:4 Robin


Innate Abilities, Weirdness & Mutations

You have a pair of antennae on your head.
Your demonic aura sometimes causes spilled blood to erupt in flames


Message History

You hit the goblin.
The goblin no longer looks unusually strong.
Robin throws the goblin at you!
The goblin hits you with a +0 dagger. x2
You slash the goblin!
You kill the goblin!
Cheibriados thoroughly appreciates the change of pace.
You hit the goblin.
You kill the goblin!
Cheibriados appreciates the change of pace.
You barely miss the goblin.
The goblin no longer looks unusually strong.
Robin roars a battlecry!
The goblin goes into a battle-frenzy!
The goblin hits you but does no damage.
Your Axes skill increases to level 2!
You hit the goblin.
You kill the goblin!
Cheibriados appreciates the change of pace.
You barely miss the wyvern. The wyvern completely misses you.
The wyvern barely misses you.
You closely miss the wyvern. The wyvern bites you!
The wyvern bites you but does no damage.
You closely miss the wyvern. The wyvern bites you! x2
* * * LOW HITPOINT WARNING * * *
You barely miss the wyvern. The wyvern bites you.
* * * LOW HITPOINT WARNING * * *
The wyvern bites you.
* * * LOW HITPOINT WARNING * * *
You feel better. The wyvern barely misses you.
It was a potion of flight.
You feel very buoyant.
You fly up into the air.
The wyvern bites you!
* * * LOW HITPOINT WARNING * * *
The wyvern misses you.
It was a potion of magic.
Magic courses through your body. The wyvern barely misses you.
It was a potion of might.
You feel very mighty all of a sudden. The wyvern bites you.
You die...

#..............#######
#........_.......
#..............##
.....###...###..
.....#E#...#E#.###
.....###...###...#
...###
####....#)#####⌠. ...#
#....#)○...+ ...#
###..#@#####⌠. ...#
#..#l# ...# ####g#
...# { ..# ...# ..#
...# .... #### .../
.....


You could see a wyvern and Robin.

Vanquished Creatures
  A necrophage (D:3)
  5 adders
  A worm (D:2)
  2 dart slugs
  5 ball pythons
  An endoplasm (D:2)
  A giant cockroach (D:2)
  17 goblins
  4 hobgoblins
  6 jackals (D:1)
  3 kobolds (D:3)
  4 quokkas
  5 bats
  4 frilled lizards
  7 rats
66 creatures vanquished.

Vanquished Creatures (others)
  A goblin (D:4)
1 creature vanquished.

Grand Total: 67 creatures vanquished

Notes
Turn   | Place    | Note
-------+----------+-------------------------------------------
     0 | D:1      | rageheart7 the Demonspawn Wanderer began the quest for the
                  | Orb.
     0 | D:1      | rageheart7 set off with the following items: a +2 hand axe,
                  | a potion of curing, a scroll of teleportation, a +0 robe, a
                  | +0 dagger
     0 | D:1      | Reached XP level 1. HP: 16/16 MP: 1/1
   557 | D:1      | Gained mutation: You have a pair of small antennae on your
                  | head. [demonic ancestry]
   557 | D:1      | Reached XP level 2. HP: 11/23 MP: 2/2
  1189 | D:1      | Reached skill level 3 in Fighting
  1690 | D:1      | Reached XP level 3. HP: 14/30 MP: 3/3
  1905 | D:2      | Reached skill level 4 in Fighting
  2002 | D:2      | You fall into a shaft and drop 1 floor!
  2067 | D:3      | Noticed a necrophage
  2140 | D:2      | Gained mutation: You have a pair of antennae on your head.
                  | [demonic ancestry]
  2140 | D:2      | Reached XP level 4. HP: 38/38 MP: 4/4
  2514 | D:3      | Found a shimmering blue altar of Sif Muna.
  2516 | D:3      | Found a sparkling altar of Nemelex Xobeh.
  2708 | D:3      | Killed a necrophage
  2709 | D:3      | Reached skill level 5 in Fighting
  2709 | D:3      | Gained mutation: Your demonic aura sometimes causes spilled
                  | blood to erupt in flames [demonic ancestry]
  2709 | D:3      | Reached XP level 5. HP: 46/46 MP: 5/5
  3093 | D:3      | Found a snail-covered altar of Cheibriados.
  3256 | D:3      | Became a worshipper of Cheibriados the Contemplative
  3275 | D:4      | Noticed a fire elemental
  3279 | D:4      | Found a stormy altar of Qazlal.
  3284 | D:4      | Noticed an air elemental
  3293 | D:4      | Noticed a water elemental
  3324 | D:4      | Noticed Robin
  3325 | D:4      | Noticed a wyvern
  3348 | D:4      | HP: 1/46 [wyvern (14)]
  3350 | D:4      | Slain by a wyvern

Illustrated notes

Levels and vault maps discovered:
D:1:      evilmike_arrival_hilbert_curve, layout_loops_corners
D:2:      layout_rooms
D:3:      layout_loops_ring, grunt_temple_overflow_open, kennysheep_slug_shrine
D:4:      layout_basic, nicolae_qazlal_style_of_elements, temple_doors_e,
          uniq_robin, uniq_eustachio

Skill      XL: |  1  2  3  4  5 |
---------------+----------------+-----
Fighting       | 3 4 5 |  5.8
Axes           | 2 |  2.0
Short Blades   | |  1.0
Armour         | |  1.7
Dodging        | |  1.0
Stealth        | |  1.7

Action                   |  1- 3 |  4- 6 || total
-------------------------+-------+-------++-------
Melee: Hand axe          |   108 |   108 ||   216
  Use: Potion            |     1 |     4 ||     5
 Stab: Sleeping          |     2 |       ||     2
Armor: Robe              |    17 |       ||    17
       Ring mail         |    45 |    60 ||   105
Dodge: Dodged            |    81 |    68 ||   149

Table legend: (Time is in decaauts)
 A = Elapsed time spent in this place.
 B = Non-inter-level travel time spent in this place.
 C = Inter-level travel time spent in this place.
 D = Time resting spent in this place.
 E = Time spent auto-exploring this place.
 F = Levels seen in this place.
 G = Mean time per level.
                   A        B        C        D        E       F      G
               +--------+--------+--------+--------+--------+-----+--------+
         Total |   3424 |   3296 |    128 |      7 |   2772 |   4 |  856.0 |
       Dungeon |   3424 |   3296 |    128 |      7 |   2772 |   4 |  856.0 |
               +--------+--------+--------+--------+--------+-----+--------+

Top non-repeatable levels by time:
     D:1: 1864 daAuts
     D:3: 995 daAuts
     D:2: 468 daAuts
     D:4: 95 daAuts
